 Dungeon Crawl Stone Soup version 0.27-a0-1036-g8e1b44f6bd (webtiles) character file.

Game seed: 7889470243700892715

34 tardwrangler69 the Digger (level 3, 0/26 HPs)
             Began as a Draconian Earth Elementalist on Apr 18, 2021.
             Slain by an iguana (10 damage)
             ... on level 2 of the Dungeon.
             The game lasted 00:01:24 (1426 turns).

tardwrangler69 the Digger (DrEE)                    Turns: 1426, Time: 00:01:24

Health: 0/26       AC:  5    Str: 10    XL:     3   Next: 14%
Magic:  0/6        EV: 12    Int: 16    God:
Gold:   5          SH:  0    Dex: 11    Spells: 6/7 levels left

rFire    . . .     SeeInvis .   e - +4 dagger (vorpal)
rCold    . . .     Faith    .   (no shield)
rNeg     . . .     Spirit   .   (armour unavailable)
rPois    .         Reflect  .   (helmet restricted)
rElec    .         Harm     .   (no cloak)
rCorr    .         Rampage  .   (no gloves)
Will     .....                  (no boots)
Stlth    ++........             (no amulet)
HPRegen  0.08/turn              c - ring of wizardry
MPRegen  0.10/turn              (no ring)

@: no status effects
A: AC +5, unfitting armour, cold-blooded
a: no special abilities


You were on level 2 of the Dungeon.
You visited 1 branch of the dungeon, and saw 2 of its levels.

You collected 47 gold pieces.
You spent 42 gold pieces at shops.

Inventory:

Hand Weapons
 e - a +4 vorpal dagger (weapon)
Missiles
 b - 19 stones
Jewellery
 c - a ring of wizardry (left hand)
Scrolls
 d - a scroll of fear {unknown}
 f - 2 scrolls of amnesia {unknown}
 g - 4 scrolls of identify {unknown}
 h - a scroll of summoning {unknown}
 i - 2 scrolls of teleportation
Potions
 a - 2 potions of curing {unknown}
 j - a potion of might {unknown}


   Skills:
 - Level 1.7 Dodging
 - Level 1.7 Stealth
 + Level 2.5 Spellcasting
 - Level 1.0 Transmutations
 * Level 3.9 Earth Magic


You had 6 spell levels left.
You knew the following spells:

 Your Spells              Type           Power      Damage    Failure   Level
a - Sandblast             Erth           28%        2d8       1%          1

Your spell library contained the following spells:

 Spells                   Type           Power      Damage    Failure   Level
 Passwall                 Tmut/Erth      7%         N/A       4%          2
 Stone Arrow              Conj/Erth      16%        3d8       11%         3
 Petrify                  Tmut/Erth      9%         N/A       26%         4
 Lee's Rapid Deconstruct  Erth           7%         3d7*      38%         5


Dungeon Overview and Level Annotations

Branches:
Dungeon (2/15)

Altars:

Shops:
D:1 ((*


Innate Abilities, Weirdness & Mutations

Your plain brown scales are hard. (AC +5)
You cannot fit into any form of body armour.
You are cold-blooded and may be slowed by cold attacks.


Message History

The iguana bites you.
Casting: Sandblast (safe; 1% risk of failure)
Confirm with . or Enter, or press ? or * to list all spells.
Aiming: Sandblast (safe; 1% risk of failure)
Press: ? - help, Shift-Dir - straight line, f/p - iguana
Aim: an iguana (moderately wounded, 82% to hit)
The blast of sand hits the iguana.
The iguana is moderately wounded.
The iguana bites you.
Casting: Sandblast (safe; 1% risk of failure)
Confirm with . or Enter, or press ? or * to list all spells.
Aiming: Sandblast (safe; 1% risk of failure)
Press: ? - help, Shift-Dir - straight line, f/p - iguana
Aim: an iguana (moderately wounded, 82% to hit)
The blast of sand hits the iguana but does no damage.
The iguana is moderately wounded.
The iguana barely misses you.
Casting: Sandblast (safe; 1% risk of failure)
Confirm with . or Enter, or press ? or * to list all spells.
Aiming: Sandblast (safe; 1% risk of failure)
Press: ? - help, Shift-Dir - straight line, f/p - iguana
Aim: an iguana (moderately wounded, 82% to hit)
The blast of sand misses the iguana.
The iguana barely misses you.
Casting: Sandblast (safe; 1% risk of failure)
Confirm with . or Enter, or press ? or * to list all spells.
Aiming: Sandblast (safe; 1% risk of failure)
Press: ? - help, Shift-Dir - straight line, f/p - iguana
Aim: an iguana (moderately wounded, 82% to hit)
The blast of sand hits the iguana.
The iguana is heavily wounded.
The iguana bites you.
Casting: Sandblast (safe; 1% risk of failure)
Confirm with . or Enter, or press ? or * to list all spells.
Aiming: Sandblast (safe; 1% risk of failure)
Press: ? - help, Shift-Dir - straight line, f/p - iguana
Aim: an iguana (heavily wounded, 82% to hit)
The blast of sand hits the iguana.
The iguana is severely wounded.
The iguana bites you!
You die...

## #.. #.# ##
.# # ##.###.#
####.#<...[.#
#...$.@.#####
#.##...l.#
#####.# .# ..
##


You could see an iguana.

Vanquished Creatures
  An adder (D:2)
  3 ball pythons
  2 bats (D:1)
  2 endoplasms (D:2)
  2 giant cockroaches
  4 goblins
  A hobgoblin (D:2)
  A kobold (D:1)
  A quokka (D:2)
  A frilled lizard (D:2)
  2 rats
20 creatures vanquished.

Notes
Turn   | Place    | Note
-------+----------+-------------------------------------------
     0 | D:1      | tardwrangler69 the Draconian Earth Elementalist began the
                  | quest for the Orb.
     0 | D:1      | Reached XP level 1. HP: 14/14 MP: 3/3
     7 | D:1      | Found Wosheclov's General Store.
   154 | D:1      | You fall into a shaft and drop 1 floor!
   253 | D:2      | Reached XP level 2. HP: 20/20 MP: 5/5
   795 | D:1      | Reached XP level 3. HP: 25/26 MP: 6/6
  1020 | D:1      | Found Ewenkos's Antique Weapon Shop.
  1179 | D:1      | Found Hudauble's Weapon Shop.
  1392 | D:1      | Bought a scroll of teleportation for 42 gold pieces
  1426 | D:2      | Slain by an iguana

Illustrated notes

Levels and vault maps discovered:
D:1:      minmay_arrival_solitary_statue, layout_basic, serial_shops,
          nicolae_shop_stone, shop, nicolae_shop_waterfront
D:2:      layout_basic

Action                   || total
-------------------------++-------
Melee: Dagger            ||    32
       Unarmed           ||     4
       Tailslap          ||     1
 Cast: Sandblast         ||    11
  Use: Scroll            ||     2
 Stab: Sleeping          ||     2
Armor: Skin              ||    14
Dodge: Dodged            ||    35

Table legend: (Time is in decaauts)
 A = Elapsed time spent in this place.
 B = Non-inter-level travel time spent in this place.
 C = Inter-level travel time spent in this place.
 D = Time resting spent in this place.
 E = Time spent auto-exploring this place.
 F = Levels seen in this place.
 G = Mean time per level.
                   A        B        C        D        E       F      G
               +--------+--------+--------+--------+--------+-----+--------+
         Total |   1427 |   1354 |     73 |      0 |   1221 |   2 |  713.5 |
       Dungeon |   1427 |   1354 |     73 |      0 |   1221 |   2 |  713.5 |
               +--------+--------+--------+--------+--------+-----+--------+

Top non-repeatable levels by time:
     D:1: 1009 daAuts
     D:2: 417 daAuts
